 Dungeon Crawl Stone Soup version 0.32-a0-18-g89e19f1974 (webtiles) character file.

Game seed: 575738236294826265

207219 Laraso the Brawler (level 18, -1/172 HPs)
             Began as a Ghoul Fighter on Jan 16, 2024.
             Was the Champion of Makhleb.
             Slain by a nagaraja
             ... wielding a +0 club
              (13 damage)
             ... on level 2 of the Snake Pit.
             The game lasted 00:42:51 (35400 turns).

Laraso the Brawler (Ghoul Fighter)                 Turns: 35400, Time: 00:42:52

Health: -1/172     AC: 29    Str: 22    XL:     18   Next: 74%
Magic:  30/30      EV: 12    Int:  9    God:    Makhleb [******]
Gold:   2629       SH: 15    Dex: 21    Spells: 11/17 levels left

rFire   . .          .
                       - Unarmed
rCold   + . .        n - +0 kite shield
rNeg    + + +        A - +7 chain mail "Heokka" {rElec rPois Dex+2}
rPois   ∞            f - +0 helmet of the Arcane {*Slow rElec rPois Dex+7}
rElec   +            H - +2 cloak {Will+}
rCorr   .            (no gloves)
SInv    .            (no boots)
Will    ++...        O - amulet of reflection Stlth
                     E - +4 ring of protection
HPRegen 0.00/turn    v - ring of flight
MPRegen 0.22/turn

%: slow self (1%), reflection
@: untranslocatable, flying, inhibited regen, slowed, constricted, studying
Dodging, very slow
A: claws 1, cold resistance 1, negative energy resistance 3, inhibited
regeneration, torment resistance 2, devour on kill
}: 1/15 runes: decaying
a: Renounce Religion, Minor Destruction, Lesser Servant of Makhleb, Major
Destruction, Greater Servant of Makhleb


You were on level 2 of the Snake Pit.
You worshipped Makhleb.
Makhleb was exalted by your worship.
You visited 8 branches of the dungeon, and saw 33 of its levels.
You visited the Abyss 2 times.
You also visited: Ossuary, Bailey and Gauntlet.

You collected 3750 gold pieces.
You spent 1121 gold pieces at shops.

Inventory:

Armour
 f - the +0 helmet of the Arcane (worn) {*Slow rElec rPois Dex+7}
   (You found it in a Gauntlet)

   Dex+7:     It affects your dexterity (+7).
   rElec:     It insulates you from electricity.
   rPois:     It protects you from poison *Slow: It may slow you when you take
   damage.
 n - a +0 kite shield (worn)
 A - the +7 chain mail "Heokka" (worn) {rElec rPois Dex+2}
   (You found it in a bailey)

   Dex+2:     It affects your dexterity (+2).
   rElec:     It insulates you from electricity.
   rPois:     It protects you from poison
 H - a +2 cloak of willpower (worn)
Jewellery
 g - a ring of protection from cold
 i - a +5 ring of evasion
 u - the ring "Wioxes" {Wiz Dex+2}
   (You found it in a Gauntlet)

   [ring of wizardry]

   Wiz:       It improves your spell success rate.
   Dex+2:     It affects your dexterity (+2).
 v - a ring of flight (right claw)
 E - a +4 ring of protection (left claw)
 K - a ring of resist corrosion
 O - an amulet of reflection (around neck)
 R - a ring of protection from fire
Wands
 t - a wand of mindburst (20)
 x - a wand of charming (35)
 y - a wand of flame (37)
 C - a wand of polymorph (6)
 N - a wand of iceblast (25)
 P - a wand of quicksilver (7)
 Q - a wand of digging (5)
Scrolls
 c - 4 scrolls of fog
 d - 3 scrolls of vulnerability
 e - 13 scrolls of teleportation
 j - 8 scrolls of blinking
 p - 9 scrolls of immolation
 q - 10 scrolls of fear
 s - 3 scrolls of enchant armour
 z - 2 scrolls of silence
 D - 2 scrolls of identify
 F - 4 scrolls of poison
 I - a scroll of revelation
Potions
 b - 2 potions of heal wounds
 h - 3 potions of cancellation
 k - 18 potions of curing
 l - 3 potions of haste
 m - 5 potions of resistance
 o - 6 potions of enlightenment
 r - a potion of ambrosia
 w - 3 potions of brilliance
 G - 2 potions of magic
 L - 4 potions of attraction
 M - 6 potions of invisibility
Miscellaneous
 a - a phial of floods
 B - a lightning rod (4/4)


   Skills:
 - Level 18.0 Fighting
 * Level 14.5 Armour
 - Level 12.0 Dodging
 - Level 2.6 Shields
 - Level 20.0 Unarmed Combat
 - Level 16.0 Invocations


You had 11 spell levels left.
You knew the following spells:

 Your Spells              Type           Power      Damage    Failure   Level
a - Fugue of the Fallen   Necr           0%         N/A       100%        3
s - Swiftness             Air            0%         N/A       100%        3

Your spell library contained the following spells:

 Spells                   Type           Power      Damage    Failure   Level
 Apportation              Tloc           0%         N/A       98%         1
 Magic Dart               Conj           0%         1d3       98%         1
 Necrotise                Necr           0%         1d4       98%         1
 Sandblast                Erth           0%         2d4       98%         1
 Shock                    Conj/Air       0%         1d3       98%         1
 Sting                    Conj/Alch      0%         1d3       98%         1
 Summon Small Mammal      Summ           0%         N/A       98%         1
 Ensorcelled Hibernation  Hex/Ice        0%         N/A       99%         2
 Mercury Vapours          Alch/Air       0%         N/A       99%         2
 Searing Ray              Conj           0%         2d4       99%         2
 Static Discharge         Conj/Air       0%         3-3/arc   99%         2
 Dazzling Flash           Conj/Hex       0%         N/A       100%        3
 Gell's Gravitas          Tloc           0%         N/A       100%        3
 Hailstorm                Conj/Ice       0%         3d5       100%        3
 Inner Flame              Hex/Fire       0%         N/A       100%        3
 Ozocubu's Armour         Ice            0%         N/A       100%        3
 Passwall                 Erth           0%         N/A       100%        3
 Stone Arrow              Conj/Erth      0%         3d7       100%        3
 Summon Ice Beast         Ice/Summ       0%         N/A       100%        3
 Teleport Other           Tloc           0%         N/A       100%        3
 Tukima's Dance           Hex            0%         N/A       100%        3
 Vampiric Draining        Necr           0%         2d6       100%        3
 Volatile Blastmotes      Fire/Tloc      0%         2d10      100%        3
 Airstrike                Air            0%         2d(0-16)  100%        4
 Anguish                  Hex/Necr       0%         N/A       100%        4
 Animate Armour           Summ/Erth      0%         N/A       100%        4
 Animate Dead             Necr           0%         N/A       100%        4
 Brom's Barrelling Bould  Conj/Erth      0%         2d3       100%        4
 Dimensional Bullseye     Hex/Tloc       0%         N/A       100%        4
 Fulminant Prism          Conj/Alch      0%         3d5       100%        4
 Iskenderun's Mystic Bla  Conj/Tloc      0%         2d3       100%        4
 Manifold Assault         Tloc           0%         N/A       100%        4
 Martyr's Knell           Necr/Summ      0%         N/A       100%        4
 Olgreb's Toxic Radiance  Alch           0%         N/A       100%        4
 Summon Lightning Spire   Summ/Air       0%         N/A       100%        4
 Borgnjor's Vile Clutch   Necr/Erth      0%         N/A       100%        5
 Curse of Agony           Necr           0%         N/A       100%        5
 Fireball                 Conj/Fire      0%         3d3       100%        5
 Irradiate                Conj/Alch      0%         3d11      100%        5
 Iskenderun's Battlesphe  Conj           0%         2d6       100%        5
 Metabolic Englaciation   Hex/Ice        0%         N/A       100%        5
 Bombard                  Conj/Erth      0%         9d1       100%        6
 Conjure Ball Lightning   Conj/Air       0%         3x3d6     100%        6
 Death Channel            Necr           0%         N/A       100%        6
 Dispersal                Tloc           0%         N/A       100%        6
 Sculpt Simulacrum        Ice/Alch       0%         N/A       100%        6
 Starburst                Conj/Fire      0%         6d3       100%        6
 Haunt                    Necr/Summ      0%         N/A       100%        7
 Malign Gateway           Summ/Tloc      0%         N/A       100%        7
 Orb of Destruction       Conj           0%         9d5       100%        7
 Spellforged Servitor     Conj/Summ      0%         N/A       100%        7
 Ignition                 Fire           0%         3d3       100%        8
 Infestation              Necr           0%         N/A       100%        8
 Lehudib's Crystal Spear  Conj/Erth      0%         10d2      100%        8
 Maxwell's Capacitive Co  Air            0%         ∞         100%        8
 Summon Horrible Things   Summ           0%         N/A       100%        8
 Death's Door             Necr           Unusable   N/A       N/A         9

Dungeon Overview and Level Annotations

Branches:
Dungeon (15/15)            Temple (1/1) D:7            Lair (5/5) D:8
  Swamp (4/4) Lair:2        Snake (2/4) Lair:2        Slime (0/5) Lair:4
    Orc (2/2) D:12            Elf (3/3) Orc:2        Vaults (0/5) D:14
 Depths (1/4) D:15        Ossuary (visited)          Bailey (visited)
Gauntlet (visited)

Altars:
Ashenzari
Cheibriados
Dithmenos
Fedhas
Gozag
Hepliaklqana
Kikubaaqudgha
Makhleb
Nemelex Xobeh
Okawaru
Qazlal
Ru
Sif Muna
Trog
Uskayaw
Vehumet
Wu Jian
Xom
Yredelemnul
Jiyva

Shops:
D:7 [   D:10 :   Orc:2 ==[(

Annotations:
Swamp:2 2 transporters, exclusion: obsidian statue
Elf:2 3 runed translucent doors


Innate Abilities, Weirdness & Mutations

You are immune to poison.
You have sharp fingernails.
Your flesh is cold resistant. (rC+)
You are immune to negative energy. (rN+++)
You do not regenerate when monsters are visible.
You are immune to unholy pain and torment.
You thrive by killing the living.


Message History

You resist. The nagaraja constricts you.
* * * LOW HITPOINT WARNING * * *
You block the naga's attack.
The naga sharpshooter mumbles some strange words.
The naga sharpshooter magically shoots an arrow.
The arrow hits you but does no damage.
The naga warrior roars a battlecry!
The nagaraja goes into a battle-frenzy!
The nagaraja completely misses you. The nagaraja constricts you.
You claw the nagaraja!
The nagaraja is severely wounded.
You block the naga's attack. x2
The naga warrior hits you but does no damage.
The naga sharpshooter casts a spell.
The nagaraja gestures at you while chanting.
You feel firmly anchored in space. The nagaraja constricts you.
The naga hits you from afar with a +0 halberd!!
* * * LOW HITPOINT WARNING * * *
You block the naga warrior's attack.
The naga sharpshooter spits poison at you.
The splash of poison misses you.
Unknown command.
You claw the nagaraja!
The nagaraja is severely wounded.
The nagaraja spits poison at you.
The splash of poison hits you but does no damage.
You resist. The nagaraja constricts you.
* * * LOW HITPOINT WARNING * * *
The nagaraja points at you and mumbles some strange words.
You block the poison arrow... and reflect it back!
The poison arrow hits the nagaraja!
The nagaraja partially resists.
The nagaraja is poisoned.
The nagaraja constricts you.
* * * LOW HITPOINT WARNING * * *
The naga warrior misses you. You block the naga's attack.
Unknown command.
You barely miss the nagaraja.
The nagaraja is almost dead.
The naga no longer looks unusually strong.
The nagaraja hits you with a +0 club!
You die...

#### .... ..... .....
......###############
......#.............##
#.....)).............###
#...N)@................
#....NNN................
.......N.......).....#
.......###########..##
...#... ###...# .......
#.....### .......
.##.......# ......
....#####..# ....# ##...


You could see a nagaraja (fast, strong, very poisoned), a naga warrior, a naga
sharpshooter (strong) and 2 nagas.

Vanquished Creatures
  Bai Suzhen (Swamp:2)
  Nikola (Swamp:1)
  Jorgrun (Elf:1)
  2 tentacled monstrosities (Swamp:4)
  The ghost of snackwell the Hand of Fortune, an adept TrGl of Nemelex Xobeh (Elf:1)
  Gastronok (D:9)
  Donald (Swamp:1)
  Kirke (D:13)
  Aizul (Snake:1)
  4 fenstrider witches
  A deep elf sorcerer (Elf:2)
  An ironbound preserver (D:14)
  An orc warlord (Orc:2)
  3 eleionomae
  A minotaur (Gauntlet)
  Azrael (Orc:2)
  A bunyip (Swamp:1)
  A green death (Swamp:4)
  An ettin (Depths:1)
  2 blizzard demons
  A shambling mangrove (Swamp:4)
  A fire dragon (D:15)
  An ice dragon (Lair:5)
  3 rakshasas
  12 hydras
  14 alligators
  A catoblepas (Lair:3)
  A ghost crab (Swamp:3)
  A spriggan air mage (Swamp:4)
  7 centaur warriors
  6 death yaks (Gauntlet)
  An anaconda (Snake:1)
  3 two-headed ogres
  4 boulder beetles
  A death knight (D:14)
  2 tengu warriors
  A naga sharpshooter (Snake:1)
  13 dancing weapons
  2 deep troll earth magi
  A deep troll shaman (D:15)
  2 orc high priests (Elf:1)
  A shock serpent (Snake:2)
  8 deep elf knights
  3 occultists
  2 soul eaters (Swamp:4)
  12 spriggans
  2 iron trolls (D:15)
  8 skeletal warriors
  2 skysharks
  A sixfirhy (Swamp:4)
  5 goliath frogs
  4 deep trolls (D:15)
  A bog body (Swamp:3)
  2 mana vipers (Snake:1)
  A naga ritualist (Snake:1)
  8 spriggan druids
  2 arcanists (Swamp:4)
  3 swamp dragons
  5 deep elf archers
  10 deep elf pyromancers
  A wolf spider (Lair:5)
  5 oklob plants
  10 ugly things
  2 lindwurms
  A lindwurm (shapeshifter) (Elf:2)
  16 deep elf zephyrmancers
  2 large abominations (Abyss:3)
  A necromancer (D:15)
  2 orc knights
  2 cyclopes (D:14)
  A manticore (D:11)
  6 orc sorcerers
  2 salamanders
  11 elephants (Lair:5)
  6 meliai
  4 centaur zombies (D:10)
  4 will-o-the-wisps
  3 kobold blastminers (Orc:2)
  A guardian serpent (Lair:5)
  20 black mambas
  3 naga magi
  Joseph (D:8)
  A meliai (shapeshifter) (Elf:1)
  14 cane toads
  3 centaur skeletons (D:15)
  8 torpor snails
  2 gargoyles
  9 rime drakes
  3 orange demons (Swamp:4)
  A smoke demon (Swamp:4)
  2 efreet
  Jeremiah (D:8)
  A komodo dragon (shapeshifter) (D:12)
  An unseen horror zombie (D:10)
  4 unseen horrors
  An ice devil (Gauntlet)
  2 tengu conjurers
  8 komodo dragons
  4 trolls
  2 hellwings (Swamp:4)
  A polar bear (Lair:2)
  20 blink frogs
  Grinder (D:5)
  2 raiju (shapeshifter)
  10 tyrant leeches
  The ghost of Xavori the Trooper, an amateur DjCK of Xom (D:3)
  Prince Ribbit (D:5)
  23 hornets
  3 slime creatures (D:12)
  A shadow (D:11)
  An air elemental (Elf:2)
  3 wraiths
  A centaur simulacrum (D:14)
  45 yaks
  A shapeshifter (D:14)
  A vampire (D:14)
  9 fire elementals
  9 wyverns
  3 basilisks
  3 water elementals
  2 humans (shapeshifter) (Elf:1)
  13 steam dragons (Lair:3)
  2 wargs
  A warg (shapeshifter) (Elf:1)
  4 hogs (D:13)
  6 vampire mosquitoes
  2 chaos spawn (Swamp:4)
  12 nagas
  11 swamp worms
  A small abomination (Abyss:3)
  23 water moccasins
  3 hell hounds (Orc:2)
  An ice beast (D:7)
  A sky beast (D:7)
  A swamp drake (Swamp:2)
  2 black bears (shapeshifter)
  37 orc warriors
  3 black bears
  19 wolves
  6 ogres
  22 centaurs
  2 phantoms (D:6)
  A weeping skull (Ossuary)
  6 kobold brigands
  9 bullfrogs
  3 gnoll sergeants
  2 earth elementals
  5 scorpions
  3 water moccasin zombies (Ossuary)
  A wight (D:10)
  5 killer bees (D:6)
  A killer bee (shapeshifter) (Elf:1)
  An electric eel (D:8)
  4 howler monkeys
  A human zombie (D:10)
  4 lava snakes (Lair:2)
  A spectral scorpion (Ossuary)
  A bombardier beetle (D:4)
  2 hounds
  2 gnoll boudas
  20 orc priests
  4 sleepcaps
  An iguana (D:6)
  Natasha (D:3)
  29 orc wizards
  10 hell rats
  A statue (D:5)
  2 crocodile zombies (Ossuary)
  6 mummies
  A boggart simulacrum (D:14)
  A howler monkey zombie (D:10)
  Robin (D:2)
  24 gnolls
  4 adders
  6 river rats (Lair:2)
  4 white imps
  3 adder zombies (Ossuary)
  A dart slug (D:4)
  A ribbon worm (D:2)
  110 orcs
  7 ball pythons
  12 endoplasms
  7 giant cockroaches
  8 gnoll zombies (Ossuary)
  18 goblins
  12 hobgoblins
  5 jackals
  4 quokkas
  7 bats
  4 frilled lizards
  4 jackal zombies (Ossuary)
  43 kobolds
  4 orc zombies (Ossuary)
  12 rats
1098 creatures vanquished.

Vanquished Creatures (others)
  2 deep elf knights (Elf:2)
  2 deep elf zephyrmancers (Elf:2)
  A deep elf pyromancer (Elf:1)
  2 bloated husks
  A spriggan (Swamp:3)
  A chaos spawn (Swamp:4)
  26 foxfires
35 creatures vanquished.

Grand Total: 1133 creatures vanquished

Notes
Turn   | Place    | Note
-------+----------+-------------------------------------------
     0 | D:1      | Laraso the Ghoul Fighter began the quest for the Orb.
     0 | D:1      | Reached XP level 1. HP: 19/19 MP: 1/1
   208 | D:1      | Reached skill level 3 in Unarmed Combat
   208 | D:1      | Reached XP level 2. HP: 26/26 MP: 2/2
   408 | D:1      | Reached XP level 3. HP: 31/31 MP: 3/3
   780 | D:2      | Reached skill level 4 in Unarmed Combat
  1051 | D:2      | Noticed a scorpion
  1056 | D:2      | Killed a scorpion
  1057 | D:2      | Reached skill level 5 in Unarmed Combat
  1057 | D:2      | Reached XP level 4. HP: 35/38 MP: 4/4
  1255 | D:2      | Found a blossoming altar of Fedhas.
  1365 | D:2      | Reached XP level 5. HP: 42/45 MP: 5/5
  1435 | D:2      | Found a faded altar of an unknown god.
  1702 | D:3      | Noticed Robin
  1767 | D:2      | Killed Robin
  1829 | D:3      | Found a runed translucent gate.
  1829 | D:3      | Found a runed translucent gate.
  1836 | D:3      | Found a runed translucent gate.
  1941 | D:3      | You fall into a shaft and drop 2 floors!
  1941 | D:5      | Entered Level 5 of the Dungeon
  1963 | D:5      | Reached skill level 6 in Unarmed Combat
  2009 | D:5      | Found a shimmering blue altar of Sif Muna.
  2026 | D:5      | Reached XP level 6. HP: 33/51 MP: 6/6
  2140 | D:5      | Reached skill level 7 in Unarmed Combat
  2217 | D:5      | Noticed Grinder
  2227 | D:5      | Killed Grinder
  2228 | D:5      | Reached skill level 8 in Unarmed Combat
  2228 | D:5      | Reached XP level 7. HP: 40/60 MP: 7/7
  2345 | D:5      | Reached skill level 5 in Fighting
  2403 | D:5      | Noticed Prince Ribbit
  2625 | D:4      | Found an iron altar of Okawaru.
  2736 | D:4      | Found a sand-covered staircase.
  2740 | Ossuary  | Entered an ossuary
  2759 | Ossuary  | Reached skill level 1 in Dodging
  2780 | Ossuary  | Reached XP level 8. HP: 59/70 MP: 8/8
  4375 | D:3      | Noticed Natasha
  4379 | D:3      | Killed Natasha
  4493 | D:3      | Noticed Xavori's ghost (amateur DjCK)
  4513 | D:3      | Killed Xavori's ghost
  4727 | D:5      | Found a radiant altar of Vehumet.
  5083 | D:5      | Killed Prince Ribbit
  5084 | D:5      | Reached skill level 9 in Unarmed Combat
  5084 | D:5      | Reached XP level 9. HP: 52/75 MP: 9/9
  5088 | D:5      | Learned a level 3 spell: Swiftness
  5387 | D:6      | Reached skill level 10 in Unarmed Combat
  5628 | D:6      | Reached skill level 11 in Unarmed Combat
  5700 | D:6      | Found a broken altar of Ashenzari.
  5711 | D:6      | Found a bloodstained altar of Trog.
  6085 | D:6      | Reached skill level 12 in Unarmed Combat
  6596 | D:7      | Found Siezin Nogo's Antique Armour Boutique.
  6599 | D:7      | Bought a bloodstained chain mail for 237 gold pieces
  6599 | D:7      | Identified the +1 chain mail "Zipothre" {Str+5} (You bought
                  | it in a shop on level 7 of the Dungeon)
  6666 | D:7      | Reached XP level 10. HP: 83/83 MP: 10/10
  6679 | D:7      | Reached skill level 13 in Unarmed Combat
  6703 | D:7      | Found a staircase to the Ecumenical Temple.
  6716 | Temple   | Entered the Ecumenical Temple
  6729 | Temple   | Became a worshipper of Makhleb the Destroyer
  7188 | D:8      | Found a staircase to the Lair.
  7418 | D:7      | Reached * piety under Makhleb
  7477 | D:8      | Reached skill level 14 in Unarmed Combat
  7574 | D:8      | Noticed Joseph
  7598 | D:8      | Killed Joseph
  7789 | D:8      | Noticed Jeremiah
  7801 | D:8      | Killed Jeremiah
  7996 | D:8      | Found a hide-covered altar of Uskayaw.
  8088 | D:8      | Found an ancient bone altar of Kikubaaqudgha.
  8186 | D:8      | Found an ornate altar of the Wu Jian Council.
  8442 | D:9      | Noticed a two-headed ogre
  8463 | D:9      | Killed a two-headed ogre
  8464 | D:9      | Reached skill level 15 in Unarmed Combat
  8725 | D:9      | Noticed Gastronok
  8740 | D:9      | Killed Gastronok
  8741 | D:9      | Reached skill level 16 in Unarmed Combat
  8741 | D:9      | Reached XP level 11. HP: 38/91 MP: 11/11
  8861 | D:9      | Found a flagged portal.
  8875 | Bailey   | Entered a bailey
  8945 | Bailey   | Reached ** piety under Makhleb
  8966 | Bailey   | Found a large runed translucent door.
  8966 | Bailey   | Found a large runed translucent door.
  8988 | Bailey   | Learned a level 3 spell: Fugue of the Fallen
  9001 | Bailey   | Noticed an orc knight
  9011 | Bailey   | Killed an orc knight
  9184 | Bailey   | Noticed a deep elf pyromancer
  9295 | Bailey   | Killed a deep elf pyromancer
  9301 | Bailey   | Identified the +7 chain mail "Heokka" {rElec rPois Dex+2}
  9315 | Bailey   | Identified the +1 ring mail of Grace {Will+ rCorr Dex+3}
  9648 | D:10     | Entered Level 10 of the Dungeon
  9719 | D:10     | Found a basalt altar of Yredelemnul.
  9767 | D:10     | Reached skill level 10 in Fighting
  9993 | D:10     | Found Imahay's Self-Published Books.
 10171 | D:10     | Found a blossoming altar of Fedhas.
 10203 | D:10     | Noticed a two-headed ogre
 10211 | D:10     | Killed a two-headed ogre
 10536 | D:11     | Reached skill level 1 in Invocations
 10579 | D:11     | Reached *** piety under Makhleb
 10615 | D:11     | Noticed a green ugly thing
 10626 | D:11     | Killed a green ugly thing
 10627 | D:11     | Reached XP level 12. HP: 107/110 MP: 13/13
 10958 | D:11     | Found a shimmering altar of Xom.
 10958 | D:11     | Found a shimmering altar of Xom.
 10958 | D:11     | Found a shimmering altar of Xom.
 10959 | D:11     | Found a shimmering altar of Xom.
 10959 | D:11     | Found a shimmering altar of Xom.
 10960 | D:11     | Found a shimmering altar of Xom.
 10961 | D:11     | Found a shimmering altar of Xom.
 11296 | D:11     | Reached skill level 5 in Invocations
 11511 | D:12     | Noticed a boulder beetle
 11551 | D:12     | Killed a boulder beetle
 11614 | D:12     | Noticed a two-headed ogre
 11620 | D:12     | Killed a two-headed ogre
 11964 | D:12     | Found a staircase to the Orcish Mines.
 12263 | D:12     | Reached skill level 5 in Armour
 12613 | D:13     | Noticed a centaur warrior
 12742 | Lair:1   | Entered Level 1 of the Lair of Beasts
 13071 | Lair:1   | Reached **** piety under Makhleb
 13149 | Lair:1   | Reached XP level 13. HP: 67/118 MP: 18/18
 14099 | Lair:2   | Found a gate leading to a gauntlet.
 14112 | Gauntlet | Entered a Gauntlet
 14112 | Gauntlet | Found a transporter.
 14112 | Gauntlet | Found a transporter.
 14112 | Gauntlet | Found a transporter.
 14132 | Gauntlet | Found a transporter.
 14140 | Gauntlet | Noticed a blizzard demon
 14142 | Gauntlet | Found a transporter.
 14160 | Gauntlet | Found a transporter.
 14169 | Gauntlet | Found a transporter.
 14173 | Gauntlet | Found a large runed translucent door.
 14174 | Gauntlet | Found a large runed translucent door.
 14175 | Gauntlet | Found a large runed translucent door.
 14175 | Gauntlet | Found a large runed translucent door.
 14176 | Gauntlet | Found a runed translucent gate.
 14177 | Gauntlet | Found a transporter.
 14177 | Gauntlet | Found a runed translucent gate.
 14178 | Gauntlet | Found a runed translucent gate.
 14179 | Gauntlet | Found a large runed translucent door.
 14179 | Gauntlet | Found a large runed translucent door.
 14180 | Gauntlet | Found a large runed translucent door.
 14181 | Gauntlet | Found a large runed translucent door.
 14190 | Gauntlet | Found a large runed translucent door.
 14190 | Gauntlet | Found a large runed translucent door.
 14190 | Gauntlet | Found a runed translucent door.
 14190 | Gauntlet | Found a runed translucent door.
 14191 | Gauntlet | Found a large runed translucent door.
 14192 | Gauntlet | Found a large runed translucent door.
 14194 | Gauntlet | Found a transporter.
 14202 | Gauntlet | Found a transporter.
 14220 | Gauntlet | Found a transporter.
 14245 | Gauntlet | Found a transporter.
 14260 | Gauntlet | Found a large runed translucent door.
 14261 | Gauntlet | Found a large runed translucent door.
 14262 | Gauntlet | Found a large runed translucent door.
 14262 | Gauntlet | Found a large runed translucent door.
 14377 | Gauntlet | Reached skill level 10 in Armour
 14442 | Gauntlet | Identified the +0 helmet of the Arcane {*Slow rElec rPois
                  | Dex+7}
 14478 | Gauntlet | Killed a blizzard demon
 14489 | Gauntlet | Identified the ring "Wioxes" {Wiz Dex+2}
 14625 | Gauntlet | Identified the +0 morningstar of Valour {pain, rF+ Str+3}
 14625 | Gauntlet | Noticed a minotaur
 14639 | Gauntlet | Killed a minotaur
 14966 | Lair:2   | Reached ***** piety under Makhleb
 15108 | Lair:2   | Found a staircase to the Swamp.
 15129 | Lair:2   | Found a staircase to the Snake Pit.
 15719 | Lair:3   | Reached skill level 5 in Dodging
 15827 | Lair:3   | Reached XP level 14. HP: 126/126 MP: 19/19
 16846 | Lair:4   | Found a staircase to the Slime Pits.
 16847 | Lair:4   | Found a viscous altar of Jiyva.
 17732 | Lair:5   | Entered Level 5 of the Lair of Beasts
 17750 | Lair:5   | Reached skill level 10 in Invocations
 17936 | Lair:5   | Reached ****** piety under Makhleb
 18866 | Lair:5   | Reached XP level 15. HP: 132/132 MP: 25/25
 18896 | Lair:5   | Identified the amulet "Xemm" {Acrobat *Slow Dex+3}
 19258 | Lair:5   | Reached skill level 17 in Unarmed Combat
 20229 | D:13     | Noticed Kirke
 20243 | D:13     | Killed Kirke
 20265 | D:13     | Identified the +4 chain mail "Senkel" {+Inv Will+ rCorr}
 20279 | D:13     | Identified the +4 falchion of Atoghis {venom, Fly rF- rC+++
                  | Int+4}
 20518 | D:13     | Reached skill level 18 in Unarmed Combat
 20840 | D:14     | Found a gate to the Vaults.
 21441 | D:14     | Reached skill level 19 in Unarmed Combat
 21860 | D:15     | Entered Level 15 of the Dungeon
 21995 | D:15     | Reached XP level 16. HP: 139/139 MP: 26/26
 22582 | D:15     | Reached skill level 20 in Unarmed Combat
 22589 | Abyss:3  | Cast into level 3 of the Abyss (an occultist)
 22646 | Abyss:3  | Found a corrupted altar of Lugonu.
 22705 | D:15     | Escaped the Abyss
 22773 | D:15     | Found a staircase to the Depths.
 23377 | Depths:1 | Entered Level 1 of the Depths
 24015 | Orc:1    | Entered Level 1 of the Orcish Mines
 24311 | Orc:2    | Entered Level 2 of the Orcish Mines
 24551 | Orc:2    | Found a staircase to the Elven Halls.
 24615 | Orc:2    | Found Lyluleje's Jewellery Shop.
 24716 | Orc:2    | Noticed Azrael
 24729 | Orc:2    | Killed Azrael
 25333 | Orc:2    | Found Civ Cir's Antique Weapon Boutique.
 25335 | Orc:2    | Found Xiesifei's Antique Armour Shop.
 25348 | Orc:2    | Bought a jewelled scale mail for 306 gold pieces
 25348 | Orc:2    | Identified the +1 scale mail of Okawaru's Wrath {rElec rF+
                  | Str+2} (You bought it in a shop on level 2 of the Orcish
                  | Mines)
 25348 | Orc:2    | Bought a scorched helmet for 323 gold pieces
 25348 | Orc:2    | Identified the +2 helmet "Ahuraca" {rC+} (You bought it in
                  | a shop on level 2 of the Orcish Mines)
 25348 | Orc:2    | Bought a runed cloak for 255 gold pieces
 25584 | Orc:2    | Found Tuxuadut's Jewellery Shop.
 25808 | Elf:1    | Entered Level 1 of the Elven Halls
 25822 | Elf:1    | Reached skill level 15 in Fighting
 25868 | Elf:1    | Noticed Jorgrun
 25878 | Elf:1    | HP: 6/149 [Jorgrun/iron shot (47)]
 25879 | Elf:1    | Killed Jorgrun
 26511 | Elf:1    | Found a runed translucent door.
 26691 | Elf:1    | Got the Folio of Foggy Cadavers
 26865 | Elf:1    | Noticed snackwell's ghost (adept TrGl)
 26961 | Elf:1    | Killed snackwell's ghost
 27237 | Elf:2    | Reached XP level 17. HP: 159/159 MP: 27/27
 27259 | Abyss:3  | Cast into level 3 of the Abyss (a deep elf sorcerer)
 27291 | Abyss:3  | Found a corrupted altar of Lugonu.
 27304 | Abyss:3  | Found a corrupted altar of Lugonu.
 27333 | Elf:2    | Escaped the Abyss
 28025 | Elf:2    | Paralysed by an air elemental for 1 turns
 28168 | Elf:2    | Found a runed translucent gate.
 28169 | Elf:2    | Found a runed translucent gate.
 28169 | Elf:2    | Found a runed translucent gate.
 28903 | Elf:3    | Entered Level 3 of the Elven Halls
 29311 | Swamp:1  | Entered Level 1 of the Swamp
 29471 | Swamp:1  | Reached skill level 10 in Dodging
 29743 | Swamp:1  | Noticed Nikola
 29760 | Swamp:1  | Killed Nikola
 29981 | Swamp:1  | Noticed Donald
 29996 | Swamp:1  | Killed Donald
 30575 | Swamp:2  | Found a transporter.
 30576 | Swamp:2  | Noticed a tentacled monstrosity
 30578 | Swamp:2  | Noticed a tentacled monstrosity
 30618 | Swamp:2  | Found a transporter.
 31665 | Swamp:3  | Noticed Bai Suzhen
 31684 | Swamp:3  | HP: 1/163 [will-o-the-wisp/foxfire (31)]
 31990 | Swamp:2  | Reached skill level 15 in Invocations
 32017 | Swamp:2  | Killed Bai Suzhen
 32069 | Swamp:3  | Reached XP level 18. HP: 172/172 MP: 29/29
 32403 | Swamp:4  | Entered Level 4 of the Swamp
 33077 | Swamp:4  | Noticed a tentacled monstrosity
 33082 | Swamp:4  | Killed a tentacled monstrosity
 33098 | Swamp:4  | Noticed a tentacled monstrosity
 33108 | Swamp:4  | Killed a tentacled monstrosity
 33818 | Swamp:4  | Got a decaying rune of Zot
 33977 | Snake:1  | Entered Level 1 of the Snake Pit
 33986 | Snake:1  | Identified the serpent talisman of the Cockatrice {rN++
                  | Int+4 Dex-5}
 33986 | Snake:1  | Noticed Aizul
 34014 | Snake:1  | Killed Aizul
 35400 | Snake:2  | Slain by a nagaraja

Illustrated notes

Levels and vault maps discovered:
D:1:      lightli_arrival_boilingwater, layout_loops_cross,
          minmay_small_reverse_x
D:2:      minmay_evil_eye, layout_basic, basic_altar, basic_ecumenical_altar
D:3:      layout_basic, ebering_ghost_rock_garden, glass_columns_b, uniq_robin,
          uniq_natasha
D:4:      kennysheep_big_flooded_room, layout_loops_ring, okawaru_gym_becter,
          enter_ossuary_5, serial_glass, glass_columns_b, glass_columns_b,
          glass_columns_c, glass_columns_a
D:5:      layout_basic, kennysheep_orc_sif_temple, vehumet_statue,
          mainiacjoe_overflow_boulevard, uniq_prince_ribbit1, uniq_grinder
D:6:      layout_loops_corners, gammafunk_temple_overflow_pools,
          minmay_misc_feat_alley
D:7:      layout_basic, minmay_temple_entry_grid, serial_shops,
          nicolae_shop_behind_doors, roderic_three_in_a_row,
          grunt_ministairs_12, kennysheep_flooded_box
D:8:      layout_rooms, nicolae_overflow_squiral, mainiacjoe_overflow_paths,
          pdpol_wu_jian_five_deadly_venoms, erik_lair_orcish_takeover,
          hangedman_abyss_or_decor_clamps, uniq_jeremiah, uniq_joseph
D:9:      layout_loops_ring, enter_bailey_3, uniq_gastronok
D:10:     layout_irregular_city, fedhas_altar_4,
          lemuel_mausoleum_altar_yredelemnul, nicolae_custom_books
D:11:     layout_irregular_city, xom_redecorated
D:12:     layout_loops_corners, orc_0_dummy
D:13:     layout_rooms, uniq_kirke
D:14:     layout_stronghold, skrybe_vaults_entry_preservation,
          minmay_misc_feat_hallway
D:15:     grunt_enter_depths_magical_seal, layout_cave_pods,
          hangedman_glass_teeth, minmay_misc_feat_ornament
Temple:   nicolae_temple_bog_church
Lair:1:   layout_gridlike, serial_bayou_pond_d, beast_lair_carwin_9,
          lemuel_fruit_tree, grunt_megastairs_3
Lair:2:   layout_long_grid, mainiacjoe_swamp_entry_lozenge_pond,
          nicolae_snake_entry_warm_welcome, gauntlet_entry_generic,
          grunt_forest_small_clearings, kennysheep_abandoned_house
Lair:3:   layout_regular_city, bobbens_dragon_lair_wall,
          infiniplex_staircase_pool_2
Lair:4:   layout_gridlike, minmay_slime_entry_oklob_open,
          chequers_serial_rivers_micro_a
Lair:5:   hangedman_lair_tendril_chambers, layout_hall_layers, wormcave,
          minmay_lair_oklob_bushes, grunt_megastairs_1
Swamp:1:  layout_basic_swamp, evilmike_swamp_ruin_house_1, uniq_nikola,
          uniq_donald
Swamp:2:  gammafunk_sealed_arena, layout_basic_swamp,
          nicolae_swamp_reclaimed_castle, nicolae_swamp_long_stream
Swamp:3:  layout_falls_marsh, evilmike_swamp_ruin_house_3, uniq_bai_suzhen
Swamp:4:  nzn_swamp_witches_coven, layout_basic_swamp
Snake:1:  layout_grid_maze, nicolae_letterblocks [nicolae_letter_subblock,
          nicolae_letter_subblock, nicolae_letter_subblock,
          nicolae_letter_subblock, nicolae_letter_subblock,
          nicolae_letter_subblock, nicolae_letter_subblock,
          nicolae_letter_subblock, nicolae_letter_subblock,
          nicolae_letter_subblock, nicolae_letter_subblock,
          nicolae_letter_subblock, nicolae_letter_subblock,
          nicolae_letter_subblock, nicolae_letter_subblock,
          nicolae_letter_subblock, nicolae_letter_subblock,
          nicolae_letter_subblock, nicolae_letter_subblock,
          nicolae_letter_subblock, nicolae_letter_subblock,
          nicolae_letter_subblock, nicolae_letter_subblock,
          nicolae_letter_subblock, nicolae_letter_subblock], uniq_aizul
Snake:2:  layout_grid_shapes, uniq_vashnia
Orc:1:    layout_diamond_mine, lemuel_statue_altar
Orc:2:    grunt_orc_community_town_hall, layout_caves,
          grunt_orc_community_big_house_1, grunt_orc_community_big_house_1,
          grunt_orc_community_house_3, grunt_orc_community_house_3,
          grunt_orc_community_house_2, grunt_orc_community_house_3,
          grunt_orc_community_house_1, grunt_orc_community_house_3,
          enter_volcano_3, mines2_david, uniq_azrael
Elf:1:    layout_rooms, ebering_ghost_inner_flame,
          nicolae_elf_shapeshifter_party, uniq_jorgrun
Elf:2:    nicolae_elf_blades_crystal_corner, layout_loops_corners
Elf:3:    minmay_elf_hall_x, layout_rooms
Depths:1: layout_cave_pools, grunt_mini_vestibule, roderic_roman_lattice,
          nicolae_shop_clearance, grunt_megastairs_2

Skill      XL: |  1  2  3  4  5  6  7  8  9 10 11 12 13 14 15 16 17 18 |
---------------+-------------------------------------------------------+-----
Unarmed Combat | 3 5 6 8 9 12 16 19 20 | 20.0
Fighting       | 4 6 11 12 16 18 | 18.0
Dodging        | 1 4 8 12 | 12.0
Armour         | 4 8 12 14 | 14.5
Invocations    | 2 7 13 14 15 16 | 16.0
Shields        | |  2.6

Action                     |  1- 3 |  4- 6 |  7- 9 | 10-12 | 13-15 | 16-18 || total
---------------------------+-------+-------+-------+-------+-------+-------++-------
  Melee: Unarmed           |   103 |   169 |   419 |   685 |  1376 |  1559 ||  4311
 Invoke: Lesser Servant of |       |       |       |       |       |     1 ||     1
         Greater Servant o |       |       |       |       |       |     1 ||     1
  Evoke: Wand              |       |       |       |       |     6 |       ||     6
    Use: Scroll            |       |     4 |     2 |     5 |    11 |    10 ||    32
         Potion            |       |     1 |       |     2 |     4 |     5 ||    12
   Stab: Distracted        |       |       |       |       |       |     1 ||     1
 Armour: Scale mail        |    59 |    94 |    69 |       |       |       ||   222
         Chain mail        |       |       |   118 |   499 |   773 |  1146 ||  2536
  Dodge: Dodged            |    43 |   109 |   180 |   439 |   782 |   801 ||  2354
  Block: Buckler           |    14 |    16 |       |       |       |       ||    30
         Kite shield       |       |    32 |   119 |   320 |  1003 |  1309 ||  2783
         Reflection        |       |       |       |       |    20 |    68 ||    88

Table legend: (Time is in decaauts)
 A = Elapsed time spent in this place.
 B = Non-inter-level travel time spent in this place.
 C = Inter-level travel time spent in this place.
 D = Time resting spent in this place.
 E = Time spent auto-exploring this place.
 F = Levels seen in this place.
 G = Mean time per level.
                   A        B        C        D        E       F      G
               +--------+--------+--------+--------+--------+-----+--------+
         Total |  34853 |  32592 |   2261 |   3380 |  21743 |  38 |  917.2 |
       Dungeon |  15467 |  14191 |   1276 |    729 |  10693 |  15 | 1031.1 |
        Temple |     26 |      2 |     24 |      0 |      0 |   1 |   26.0 |
          Lair |   6457 |   6033 |    424 |    314 |   4092 |   5 | 1291.4 |
         Swamp |   4553 |   4399 |    154 |   1117 |   2478 |   4 | 1138.2 |
     Snake Pit |   1395 |   1345 |     50 |      0 |   1162 |   2 |  697.5 |
  Orcish Mines |   2002 |   1769 |    233 |    239 |    859 |   2 | 1001.0 |
   Elven Halls |   2946 |   2849 |     97 |    630 |   1658 |   3 |  982.0 |
        Depths |    174 |    174 |      0 |     98 |      0 |   1 |  174.0 |
         Abyss |    186 |    186 |      0 |     31 |     29 |   2 |   93.0 |
       Ossuary |    520 |    520 |      0 |      0 |    366 |   1 |  520.0 |
        Bailey |    516 |    516 |      0 |    142 |    156 |   1 |  516.0 |
      Gauntlet |    608 |    608 |      0 |     79 |    249 |   1 |  608.0 |
               +--------+--------+--------+--------+--------+-----+--------+

Top non-repeatable levels by time:
  Lair:5: 1952 daAuts
    D:15: 1768 daAuts
   Orc:2: 1616 daAuts
   Elf:2: 1530 daAuts
   Elf:1: 1382 daAuts
 Snake:1: 1314 daAuts
    D:12: 1254 daAuts
  Lair:1: 1245 daAuts
 Swamp:3: 1202 daAuts
    D:14: 1202 daAuts
 Swamp:1: 1179 daAuts
  Lair:3: 1165 daAuts
     D:5: 1123 daAuts
     D:6: 1110 daAuts
     D:3: 1100 daAuts
